 Dungeon Crawl Stone Soup version 0.31-a0-435-g2c6fae2916 (webtiles) character file.

Game seed: 1445433909805317457

39923 MacCMillion the Spry (level 13, -2/65 HPs)
             Began as a Felid Summoner on Aug 1, 2023.
             Was the Champion of Kikubaaqudgha.
             Killed by divine providence
             ... invoked by a meliai
              (12 damage)
             ... on level 14 of the Dungeon.
             The game lasted 01:48:38 (35245 turns).

MacCMillion the Spry (Felid Summoner)              Turns: 35245, Time: 01:48:38

Health: -2/65      AC:  3    Str:  4    XL:     13   Next: 71%
Magic:  26/37      EV: 30    Int: 20    God:    Kikubaaqudgha [******]
Gold:   1633       SH:  0    Dex: 18    Spells: 0/32 levels left
                                        Lives:  0   Deaths: 3

rFire   . . .        (weapon unavailable)
rCold   + . .        (shield unavailable)
rNeg    . . .        (body armour unavailable)
rPois   .            (helmet unavailable)
rElec   .            (cloak unavailable)
rCorr   .            (gloves unavailable)
SInv    +            (boots unavailable)
Will    +....        N - amulet of the acrobat
Stlth   ++           A - ring of magical power
HPRegen 0.30/turn    J - ring of flight
MPRegen 0.25/turn

%: acrobat
@: flying, studying Unarmed Combat, quick
A: very small, claws 1, fangs 3, see invisible, speed 1, shaggy fur 3, stealthy
paws, no weapons or thrown items, no armour, multi-lived
a: Renounce Religion, Unearth Wretches, Torment


You were on level 14 of the Dungeon.
You worshipped Kikubaaqudgha.
Kikubaaqudgha was exalted by your worship.
You visited 4 branches of the dungeon, and saw 23 of its levels.
You also visited: Bailey.

You collected 2007 gold pieces.
You spent 374 gold pieces at shops.

Inventory:

Jewellery
 c - an amulet of guardian spirit
 p - a ring of positive energy
 A - a ring of magical power (left paw)
 H - an amulet of faith
 J - a ring of flight (right paw)
 N - an amulet of the acrobat (around neck)
 R - a ring of magical power
Wands
 t - a wand of digging (20)
 u - a wand of polymorph (11)
 y - a wand of roots (6)
 D - a wand of flame (22)
 G - a wand of light (8)
 K - a wand of charming (17)
 M - a wand of mindburst (10)
Scrolls
 b - 6 scrolls of revelation
 d - 11 scrolls of teleportation
 f - a scroll of torment
 j - 2 scrolls of summoning
 k - 2 scrolls of noise
 n - 3 scrolls of identify
 q - 2 scrolls of vulnerability
 r - a scroll of fear
 v - 2 scrolls of silence
 w - 4 scrolls of enchant armour
 z - 3 scrolls of fog
 C - 4 scrolls of poison
 E - 2 scrolls of blinking
 I - a scroll of enchant weapon {unknown}
 L - a scroll of brand weapon {unknown}
 P - 2 scrolls of immolation
Potions
 a - 3 potions of magic
 e - 6 potions of might
 g - 5 potions of curing
 h - 3 potions of heal wounds
 i - 2 potions of berserk rage
 l - 3 potions of attraction
 m - 2 potions of haste
 o - 4 potions of ambrosia
 s - 2 potions of brilliance
 x - 5 potions of enlightenment
 B - 2 potions of resistance
 F - 3 potions of mutation
 O - a potion of degeneration
Miscellaneous
 Q - a lightning rod (4/4)
 S - a phial of floods


   Skills:
 + Level 12.9 Fighting
 + Level 16.5 Dodging
 - Level 2.6 Stealth
 - Level 10.0 Spellcasting
 - Level 5.0 Hexes
 - Level 10.4 Summonings
 + Level 13.8 Necromancy
 * Level 3.9 Ice Magic
 - Level 5.0 Air Magic
 - Level 6.0 Earth Magic


You couldn't memorise any spells.
You knew the following spells:

 Your Spells              Type           Power      Damage    Failure   Level
a - Summon Small Mammal   Summ           100%       N/A       1%          1
b - Simulacrum            Ice/Necr       22%        N/A       28%         6
c - Call Canine Familiar  Summ           51%        N/A       1%          3
d - Summon Guardian Gole  Hex/Summ       40%        N/A       1%          3
e - Summon Lightning Spi  Summ/Air       40%        N/A       3%          4
f - Animate Dead          Necr           60%        N/A       1%          4
g - Borgnjor's Vile Clut  Necr/Erth      24%        N/A       3%          5
h - Death Channel         Necr           30%        N/A       3%          6

Your spell library contained the following spells:

 Spells                   Type           Power      Damage    Failure   Level
 Necrotise                Necr           100%       1d9       1%          1
 Call Imp                 Summ           100%       N/A       1%          2
 Cigotuvi's Dreadful Rot  Necr/Pois/Air  70%        N/A       1%          2
 Sublimation of Blood     Necr           60%        N/A       1%          2
 Vampiric Draining        Necr           60%        2d10      1%          3
 Dispel Undead            Necr           60%        3d21      1%          4
 Agony                    Necr           60%        N/A       1%          5
 Shock                    Conj/Air       80%        1d8       2%          1
 Swiftness                Air            30%        N/A       2%          3
 Passwall                 Tmut/Erth      18%        N/A       3%          2
 Static Discharge         Conj/Air       40%        2-4/arc   3%          2
 Frozen Ramparts          Ice            50%        1d8       4%          3
 Apportation              Tloc           20%        N/A       7%          1
 Sting                    Tmut/Pois      40%        1d5       7%          1
 Vhi's Electric Charge    Tloc/Air       40%        N/A       8%          3
 Airstrike                Air            15%        2d(3-19)  9%          4
 Lesser Beckoning         Tloc           20%        N/A       11%         2
 Mephitic Cloud           Conj/Pois/Air  16%        N/A       11%         3
 Gell's Gravitas          Tloc           10%        N/A       21%         3
 Teleport Other           Tloc           10%        N/A       21%         3
 Petrify                  Tmut/Erth      22%        N/A       21%         4
 Metabolic Englaciation   Hex/Ice        13%        N/A       30%         5
 Haunt                    Necr/Summ      27%        N/A       38%         7
 Arcjolt                  Conj/Air       10%        1d20      56%         5
 Borgnjor's Revivificati  Necr           30%        N/A       83%         8
 Infestation              Necr           30%        N/A       83%         8
 Alistair's Intoxication  Tmut/Pois      6%         N/A       88%         5
 Plasma Beam              Fire/Air       10%        2x1d21    98%         6
 Eringya's Noxious Bog    Tmut/Pois      5%         4d6       100%        6
 Orb of Destruction       Conj           5%         9d5       100%        7
 Spellforged Servitor     Conj/Summ      15%        N/A       100%        7
 Chain Lightning          Conj/Air       10%        3d13      100%        9
 Death's Door             Necr           30%        N/A       100%        9


Dungeon Overview and Level Annotations

Branches:
Dungeon (15/15)            Temple (1/1) D:5            Lair (5/5) D:8
  Swamp (0/4) Lair:3        Snake (0/4) Lair:3        Slime (0/5) Lair:5
    Orc (2/2) D:9          Vaults (0/5) D:14         Bailey (visited)
    Elf: Orc:2       Depths: D:15

Altars:
Ashenzari
Cheibriados
Dithmenos
Elyvilon
Fedhas
Gozag
Hepliaklqana
Kikubaaqudgha
Makhleb
Nemelex Xobeh
Okawaru
Qazlal
Ru
Sif Muna
Trog
Uskayaw
Vehumet
Wu Jian
Xom
Yredelemnul
Zin
The Shining One
Jiyva

Shops:
D:10 *(?   Orc:1 ??[!

Annotations:
D:4 2 transporters, gyole's ghost, amateur OgMo
D:5 exclusion: Sigmund
D:7 3 runed translucent doors, Ethylacetat's ghost, novice VSSh
D:10 1 runed translucent door, Morbidden's ghost, journeyman TrSh
Lair:3 exclusion: 3 oklob plants
Lair:5 1 runed translucent door, dragon


Innate Abilities, Weirdness & Mutations

You have sharp claws.
You have razor-sharp teeth.
You have supernaturally acute eyesight. (SInv)
You cover ground quickly. (Speed+)
Your thick and shaggy fur keeps you warm. (AC +3, rC+)
Your paws help you pounce on unaware monsters.
You are incapable of wielding weapons or throwing items.
You cannot wear armour.
You gain extra lives every three experience levels.


Message History

The meliai stings your lightning spire!
Your wolf barely misses the meliai.
A slime creature comes into view. x3
The meliai completely misses you. x2
The meliai hits your lightning spire with a +0 war axe.
The meliai completely misses your wolf. The meliai stings your lightning spire.
Your wolf bites the meliai.
The meliai dies!
Kikubaaqudgha accepts your kill.
The meliai completely misses you. x2; The slime creature misses you.
There is a stone staircase leading up here.
The meliai closely misses you. The meliai stings you. The meliai misses you. x2
The slime creature barely misses you.
You fly upwards.
There is a stone staircase leading down here.
The meliai mumbles some strange prayers to its god against you.
Something smites you!
* * * LOW HITPOINT WARNING * * *
Casting: Summon Lightning Spire (dangerous; 3% risk of failure)
Confirm with . or Enter, or press ? or * to list all spells.
The meliai completely misses you. The meliai completely misses your wolf.
The meliai stings you.
* * * LOW HITPOINT WARNING * * *
The meliai closely misses you.
The meliai hits your wolf with a +0 hand axe!
The meliai completely misses you.
Casting: Call Canine Familiar (safe; 1% risk of failure)
Confirm with . or Enter, or press ? or * to list all spells.
An electric hum fills the air.
The meliai closely misses you. The meliai misses your wolf.
The meliai completely misses you.
Your wolf bites the meliai!
The meliai completely misses you. The meliai closely misses your wolf.
The meliai completely misses you.
Casting: Summon Lightning Spire (dangerous; 3% risk of failure)
Confirm with . or Enter, or press ? or * to list all spells.
An electric hum fills the air.
Your lightning spire disappears in a puff of smoke!
Your wolf bites the meliai.
The meliai invokes the aid of its god against you.
Something smites you!
You die...
Kikubaaqudgha rasps: "You have failed me!
Welcome... death!"

## #...#.# #.# #.†#
.###...#.# #.# #..###
#.###..#.# #.# #....###
##.....#.# #.##########...#
#.####.#.# #.......##.###.##
.## #.#.# #########...##..#
## #.#.# #Jh..#..∩..#..# #
#.#.########y#####.......# #
####........§8@.# ###.......#
#
#......############.......###
# #.###### #).......## ###.#
#...#.....# ..[.# #.####...##
....# #.# ##.## ....# #.# ###
##### #.# #### ####.#


You could see a slime creature, a meliai (ally target), a friendly wolf
(summoned) and a friendly lightning spire (summoned).

Vanquished Creatures
  A hydra (Lair:3)
  3 death yaks (Lair:5)
  A deep elf pyromancer (D:13)
  2 elephants (Lair:5)
  A manticore (Lair:5)
  2 black mambas
  A cane toad (Lair:5)
  A komodo dragon (Lair:3)
  Maggie (Lair:2)
  A meliai (D:15)
  A blink frog (Lair:4)
  3 water moccasins
  A wolf (Lair:3)
  4 centaurs
  An electric eel (Lair:5)
  A ball python (D:2)
  2 jackals (D:1)
  A kobold (D:6)
28 creatures vanquished.

Vanquished Creatures (collateral kills)
  A dire elephant (Lair:5)
  Josephine (D:14)
  An entropy weaver (D:14)
  A vault guard (D:14)
  5 hydras
  3 catoblepae
  2 centaur warriors (D:14)
  3 two-headed ogres
  2 tengu warriors (D:14)
  7 death yaks
  A boulder beetle (D:14)
  An orc knight (Orc:1)
  A deep elf pyromancer (D:13)
  An ugly thing (D:11)
  2 orc sorcerers (Orc:1)
  3 cyclopes
  17 elephants
  A manticore (Lair:5)
  5 black mambas
  3 centaur zombies (D:12)
  15 cane toads
  4 torpor snails
  A gargoyle (D:12)
  3 kobold demonologists
  2 rime drakes
  10 komodo dragons
  2 meliai
  3 trolls
  2 tyrant leeches (Lair:5)
  3 polar bears
  8 blink frogs
  6 dream sheep (Lair:5)
  7 hornets (Lair:5)
  2 shadows (D:12)
  Sigmund (D:5)
  A water elemental (D:12)
  3 slime creatures (D:12)
  6 vampires
  35 yaks
  6 wraiths
  5 wyverns
  A basilisk (Lair:2)
  3 swamp worms (Lair:3)
  A warg (Orc:1)
  An acid dragon (D:11)
  20 water moccasins
  A floating eye (Lair:3)
  13 orc warriors
  2 sky beasts (D:7)
  6 black bears
  10 wolves
  10 centaurs
  4 ogres
  A phantom (D:5)
  2 kobold brigands
  11 bullfrogs
  2 gnoll sergeants
  3 scorpions
  7 wights
  7 killer bees
  A nameless horror (Lair:5)
  A howler monkey (D:4)
  3 hounds (D:5)
  2 gnoll boudas
  5 jellies
  11 orc priests
  A sleepcap (D:7)
  A boggart zombie (D:12)
  20 orc wizards
  3 iguanas
  25 gnolls
  5 adders
  A shadow imp (D:6)
  An ufetubus (D:5)
  4 worms
  55 orcs
  5 endoplasms
  3 giant cockroaches
  5 goblins
  7 hobgoblins
  A quokka (D:3)
  4 ball pythons
  2 bats
  2 frilled lizards
  21 kobolds
  2 orc zombies
  A rat (D:1)
483 creatures vanquished.

Vanquished Creatures (others)
  An orc warlord (Bailey)
  The ghost of Vegin the Grappler, a journeyman TrSh of Yredelemnul (D:12)
  Snorg (D:10)
  The ghost of Stonecrops the Cleaver, a journeyman DsGl of Okawaru (Lair:2)
  2 hydras
  2 two-headed ogres
  8 death yaks
  Urug (D:13)
  An orc knight (Orc:1)
  Pikel (D:5)
  A lindwurm (Lair:5)
  A manticore (D:13)
  An ugly thing (D:7)
  4 elephants
  A black mamba (Lair:5)
  3 cane toads
  A torpor snail (Lair:5)
  A gargoyle (D:12)
  7 komodo dragons
  5 trolls
  A polar bear (Lair:5)
  2 meliai (D:14)
  2 tyrant leeches (Lair:5)
  A dream sheep (Lair:5)
  A shadow (D:12)
  18 yaks
  2 wraiths (D:12)
  Edmund (D:5)
  An acid dragon (D:12)
  A swamp worm (Lair:3)
  4 water moccasins
  6 orc warriors
  10 wolves
  2 centaurs (D:13)
  2 ogres
  A lemure (D:5)
  A bullfrog (Lair:1)
  A wight (D:8)
  3 killer bees
  An iguana (D:5)
  3 ogre zombies
  27 orc zombies
135 creatures vanquished.

Grand Total: 646 creatures vanquished

Notes
Turn   | Place    | Note
-------+----------+-------------------------------------------
     0 | D:1      | MacCMillion the Felid Summoner began the quest for the Orb.
     0 | D:1      | Reached XP level 1. HP: 7/7 MP: 4/4
   141 | D:1      | Reached XP level 2. HP: 5/11 MP: 1/6
   366 | D:1      | Found a faded altar of an unknown god.
   875 | D:2      | Learned a level 2 spell: Call Imp
   996 | D:2      | Reached XP level 3. HP: 11/14 MP: 2/7
  1000 | D:2      | Learned a level 3 spell: Call Canine Familiar
  1474 | D:3      | Noticed an ogre
  1496 | D:3      | Killed an ogre
  1497 | D:3      | Reached skill level 5 in Summonings
  1497 | D:3      | Reached XP level 4. HP: 18/18 MP: 1/9
  1688 | D:3      | Found a shimmering altar of Xom.
  1866 | D:3      | Reached XP level 5. HP: 21/21 MP: 10/10
  1907 | D:3      | Found a sacrificial altar of Ru.
  2205 | D:4      | Reached skill level 1 in Hexes
  2281 | D:4      | Noticed gyole's ghost (amateur OgMo)
  2375 | D:4      | Found a transporter.
  2379 | D:4      | Found a transporter.
  3183 | D:4      | Gained mutation: You are covered in thick fur. (AC +2)
                  | [Felid growth]
  3183 | D:4      | Reached XP level 6. HP: 22/24 MP: 5/12
  3576 | D:5      | Entered Level 5 of the Dungeon
  3930 | D:5      | Noticed Sigmund
  3936 | D:5      | Learned a level 3 spell: Summon Guardian Golem
  3968 | D:5      | Killed Sigmund
  3969 | D:5      | Reached skill level 1 in Fighting
  3969 | D:5      | Reached skill level 3 in Dodging
  3969 | D:5      | Reached XP level 7. HP: 28/28 MP: 4/14
  4066 | D:5      | Noticed Edmund
  4088 | D:5      | Killed Edmund
  4089 | D:5      | Reached skill level 5 in Hexes
  4166 | D:5      | Reached skill level 4 in Dodging
  4666 | D:5      | Reached XP level 8. HP: 34/34 MP: 2/16
  4920 | D:5      | Reached skill level 5 in Dodging
  5034 | D:5      | Found a staircase to the Ecumenical Temple.
  5049 | D:5      | Reached skill level 5 in Spellcasting
  5057 | Temple   | Entered the Ecumenical Temple
  5063 | Temple   | Learned a level 4 spell: Summon Lightning Spire
  5089 | Temple   | Became a worshipper of Kikubaaqudgha
  5212 | D:5      | Noticed Pikel
  5305 | D:5      | Killed Pikel
  5745 | D:6      | Reached skill level 6 in Dodging
  5949 | D:6      | Reached XP level 9. HP: 26/39 MP: 13/18
  6457 | D:7      | Found a flagged portal.
  6466 | D:7      | Reached * piety under Kikubaaqudgha
  6466 | D:7      | Received a gift from Kikubaaqudgha
  6474 | Bailey   | Entered a bailey
  6495 | Bailey   | Noticed an orc warlord
  6652 | Bailey   | Found a runed translucent gate.
  6654 | Bailey   | Found a runed translucent gate.
  6656 | Bailey   | Found a runed translucent gate.
  7126 | Bailey   | Killed an orc warlord
  7127 | Bailey   | Reached skill level 5 in Air Magic
  7166 | Bailey   | Acquired a ring of magical power
  7407 | D:7      | Noticed a troll
  7605 | D:7      | Noticed a white ugly thing
  7615 | D:7      | Slain by a killer bee
  7616 | D:7      | Reached XP level 8. HP: -2/36 MP: 28/28
  7649 | D:8      | Found a staircase to the Lair.
  7649 | D:8      | Noticed a death yak
  7650 | D:8      | Noticed a death yak
  7651 | D:8      | Noticed a death yak
  7658 | D:8      | Noticed a death yak
  7660 | D:8      | Noticed a death yak
  7863 | D:7      | Killed a white ugly thing
  7864 | D:7      | Reached XP level 9. HP: 13/39 MP: 14/20
  8049 | D:7      | Killed a troll
  8180 | D:7      | Reached ** piety under Kikubaaqudgha
  8729 | D:7      | Got the Papyrus of Contaminated Nephomancy
  8872 | D:7      | Found a runed translucent gate.
  8873 | D:7      | Found a runed translucent gate.
  8874 | D:7      | Found a runed translucent gate.
  8876 | D:7      | Noticed Ethylacetat's ghost (novice VSSh)
  8877 | D:7      | Noticed a kobold demonologist
  9332 | D:8      | Reached skill level 1 in Necromancy
  9543 | D:8      | Noticed a death yak
  9556 | D:8      | Killed a death yak
  9557 | D:8      | Reached skill level 10 in Summonings
  9557 | D:8      | Reached XP level 10. HP: 43/43 MP: 20/23
  9559 | D:8      | Killed a death yak
  9563 | D:8      | Killed a death yak
  9573 | D:8      | Killed a death yak
  9605 | D:7      | Killed a death yak
  9606 | D:7      | Reached skill level 5 in Necromancy
  9974 | D:8      | Killed a death yak
 10223 | D:8      | Found a blossoming altar of Fedhas.
 10223 | D:8      | Found a shimmering blue altar of Sif Muna.
 10505 | D:8      | Found a staircase to the Lair.
 10592 | D:8      | Found a blossoming altar of Fedhas.
 10592 | D:8      | Found a shimmering blue altar of Sif Muna.
 10724 | D:9      | Learned a level 4 spell: Animate Dead
 10841 | D:9      | Noticed a two-headed ogre
 10853 | D:9      | Killed a two-headed ogre
 10854 | D:9      | Reached XP level 11. HP: 46/46 MP: 25/25
 10877 | D:9      | Found a staircase to the Orcish Mines.
 10921 | D:9      | Reached *** piety under Kikubaaqudgha
 10921 | D:9      | Received a gift from Kikubaaqudgha
 11166 | D:9      | Learned a level 5 spell: Borgnjor's Vile Clutch
 11266 | D:9      | Reached skill level 10 in Spellcasting
 11438 | D:9      | Found a viscous altar of Jiyva.
 11637 | D:10     | Entered Level 10 of the Dungeon
 11646 | D:10     | Noticed Snorg
 11668 | D:10     | Killed Snorg
 11669 | D:10     | Reached skill level 7 in Dodging
 11669 | D:10     | Reached skill level 1 in Earth Magic
 11794 | D:10     | Found Omoqehir's Hydra Hut.
 11795 | D:10     | Noticed a four-headed hydra
 11936 | D:10     | Reached skill level 5 in Fighting
 12067 | D:10     | Noticed a two-headed ogre
 12083 | D:10     | Killed a two-headed ogre
 12432 | D:10     | Found a runed translucent door.
 12438 | D:10     | Noticed Morbidden's ghost (journeyman TrSh)
 12485 | D:10     | Found Rauwus's Assorted Antiques.
 12803 | D:10     | Bought a dented citrine amulet for 165 gold pieces
 12851 | D:10     | Found Konopror's Magic Scroll Shop.
 12899 | D:10     | Bought a scroll of identify for 22 gold pieces
 12899 | D:10     | Bought a scroll of identify for 22 gold pieces
 13002 | D:11     | Noticed a brown ugly thing
 13017 | D:11     | Killed a brown ugly thing
 13306 | D:11     | Reached skill level 8 in Dodging
 14392 | D:11     | Noticed a two-headed ogre
 14421 | D:11     | Killed a two-headed ogre
 14518 | Lair:1   | Entered Level 1 of the Lair of Beasts
 14616 | Lair:1   | Reached **** piety under Kikubaaqudgha
 14641 | Lair:1   | Reached skill level 9 in Dodging
 14641 | Lair:1   | Gained mutation: Your thick and shaggy fur keeps you warm.
                  | (AC +3, rC+) [Felid growth]
 14641 | Lair:1   | Reached XP level 12. HP: 53/53 MP: 27/27
 15598 | Lair:2   | You are sucked into a shaft and drop 1 floor!
 15631 | Lair:3   | Reached skill level 10 in Dodging
 15631 | Lair:3   | Reached skill level 5 in Earth Magic
 16055 | Lair:2   | Noticed a catoblepas
 16091 | Lair:2   | Killed a catoblepas
 16452 | Lair:2   | Reached skill level 10 in Necromancy
 16680 | Lair:2   | Found a large runed translucent door.
 16684 | Lair:2   | Found a large runed translucent door.
 16685 | Lair:2   | Noticed Stonecrops's ghost (journeyman DsGl)
 16822 | Lair:2   | Reached ***** piety under Kikubaaqudgha
 16829 | Lair:2   | Noticed an eight-headed hydra
 16850 | Lair:2   | Killed an eight-headed hydra
 16949 | Lair:2   | Noticed Maggie
 16961 | Lair:2   | Killed Maggie
 17175 | Lair:2   | Reached XP level 13. HP: 57/58 MP: 19/28
 18239 | Lair:2   | Killed Stonecrops's ghost
 18240 | Lair:2   | Reached skill level 11 in Dodging
 19540 | Lair:3   | Reached skill level 12 in Dodging
 19668 | Lair:3   | Found a staircase to the Snake Pit.
 19723 | Lair:3   | Found a staircase to the Swamp.
 22187 | Lair:5   | Entered Level 5 of the Lair of Beasts
 22243 | Lair:5   | Reached skill level 13 in Dodging
 22437 | Lair:4   | Reached skill level 10 in Fighting
 22666 | Lair:5   | Reached XP level 14. HP: 66/66 MP: 27/29
 23054 | Lair:4   | Learned a level 6 spell: Death Channel
 23247 | Lair:5   | Found a runed translucent door.
 24017 | Lair:5   | Reached skill level 14 in Dodging
 24193 | Lair:5   | Found a staircase to the Slime Pits.
 24193 | Lair:5   | Found a viscous altar of Jiyva.
 25261 | Lair:5   | Paralysed by a hornet for 1 turns
 26812 | Lair:5   | Reached skill level 15 in Dodging
 26952 | Lair:5   | Got the Compilation of Ironbound Blasting
 27467 | Lair:5   | Identified the +7 shortbow of Greatest Utility {freeze,
                  | rCorr}
 28009 | Orc:1    | Entered Level 1 of the Orcish Mines
 28027 | Orc:1    | Found Gucsieze's Distillery.
 28058 | Orc:1    | Found Nousubbur's Magic Scroll Emporium.
 28110 | Orc:1    | Found Edunwol's Magic Scroll Emporium.
 28149 | Orc:1    | Bought a scroll of immolation for 56 gold pieces
 28154 | Orc:1    | Bought a scroll of identify for 24 gold pieces
 28154 | Orc:1    | Bought a scroll of identify for 24 gold pieces
 28154 | Orc:1    | Bought a scroll of identify for 24 gold pieces
 28154 | Orc:1    | Bought a scroll of identify for 24 gold pieces
 28227 | Orc:1    | Found Ohec's Antique Armour Emporium.
 28553 | Orc:1    | Bought a potion of degeneration for 13 gold pieces
 28914 | Orc:2    | Entered Level 2 of the Orcish Mines
 28941 | Orc:2    | Mangled by a sun demon
 28942 | Orc:2    | Reached XP level 13. HP: -7/64 MP: 24/37
 29389 | D:12     | Reached XP level 14. HP: 69/69 MP: 29/29
 29443 | D:12     | Reached ****** piety under Kikubaaqudgha
 29769 | D:12     | Found a runed translucent door.
 29769 | D:12     | Noticed Vegin's ghost (journeyman TrSh)
 29786 | D:12     | Reached skill level 16 in Dodging
 30485 | D:12     | Killed Vegin's ghost
 30563 | D:13     | Learned a level 6 spell: Simulacrum
 30568 | D:13     | Received a gift from Kikubaaqudgha
 31257 | D:13     | Reached skill level 1 in Ice Magic
 31270 | D:13     | Noticed Urug
 32120 | D:13     | Killed Urug
 32486 | D:14     | Noticed Josephine
 33394 | D:14     | Found a gate to the Vaults.
 34131 | D:14     | Killed Josephine
 34885 | D:15     | Entered Level 15 of the Dungeon
 35219 | D:15     | HP: 1/69 [meliai/divine providence (12)]
 35219 | D:15     | Killed from afar by a meliai
 35220 | D:15     | Reached XP level 13. HP: -9/65 MP: 11/37
 35245 | D:14     | Killed from afar by a meliai

Illustrated notes

Levels and vault maps discovered:
D:1:      heliophobic_arrival_enchanted_forest, layout_basic,
          hellmonk_ecumenical_altar_zigzags
D:2:      layout_basic
D:3:      layout_basic, lemuel_crystal_altar, mainiacjoe_overflow_24_doors
D:4:      layout_layer_cave, gammafunk_ghost_mausoleum
D:5:      layout_loops_corners, minmay_temple_entry_fiery, minmay_circle_x,
          uniq_sigmund, uniq_pikel, uniq_edmund
D:6:      layout_rooms, minmay_liquid_box
D:7:      layout_loops_ring, gammafunk_ghost_nasty_kobolds, enter_bailey_3,
          minmay_manual_mail
D:8:      layout_basic, nicolae_overflow_two_pavilions, dpeg_lair_monsters
D:9:      layout_cave_pools, orc_0_dummy, jiyva_altar_1
D:10:     layout_roguey, serial_shops, shop, nicolae_shop_tiny_statue_garden,
          gammafunk_ghost_grave, doesnt_shop_hydraphobe, uniq_snorg
D:11:     layout_long_grid
D:12:     statuecave_lemuel, layout_cave_pools, hellmonk_ghost_happy_afterlife,
          serial_undead, serial_undead_d, serial_undead_c, serial_undead_d,
          serial_undead_c, serial_undead_d, serial_undead_e
D:13:     layout_roguey, uniq_urug
D:14:     layout_loops_ring, hellmonk_vaults_order_and_chaos,
          grunt_decor_fettered, glass_columns_a, uniq_josephine
D:15:     hangedman_depths_entry_try_elsewhere_first, layout_long_grid
Temple:   compressed_dpeg_circular_temple
Lair:1:   layout_chaotic_city, portal_ice_cave_entry_pillars_2,
          beast_lair_carwin_3, serial_bayou_shore_b
Lair:2:   nzn_winding_woodlands_medium [nzn_winding_woodlands_5x5_default,
          nzn_winding_woodlands_5x15_pool, nzn_winding_woodlands_5x5_open_star,
          nzn_winding_woodlands_5x5_checkerboard,
          nzn_winding_woodlands_center_garden, nzn_winding_woodlands_5x5_cross,
          nzn_winding_woodlands_5x5_default,
          nzn_winding_woodlands_5x15_sawtooth,
          nzn_winding_woodlands_5x5_default], layout_small_grid,
          ebering_ghost_disaster_area, uniq_maggie
Lair:3:   layout_cave_pods, palyth_hydra_swamp_entry,
          minmay_snake_entry_six_corridors, disabler_island, grunt_megastairs_4
Lair:4:   layout_cave_pods
Lair:5:   wormcave, layout_gridlike, hangedman_lair_in_review, slime_entry_1,
          chequers_serial_rivers_room_b
Orc:1:    nicolae_orc_accident_3, layout_caves, gammafunk_ghost_arena,
          serial_shops, nicolae_lakefront_shop, nicolae_shop_tiny_statue_garden,
          nicolae_square_shop, shop, shop, minmay_orc_temple_b
Orc:2:    st_orc_mages, layout_caves, serial_shops, shop,
          nicolae_volcano_entry_batcave, uniq_sonja

Skill      XL: |  1  2  3  4  5  6  7  8  9 10 11 12 13 14 |
---------------+-------------------------------------------+-----
Spellcasting   | 3 4 7 8 9 10 | 10.0
Summonings     | 5 6 9 10 | 10.4
Hexes          | 3 4 5 |  5.0
Fighting       | 1 2 4 6 7 10 12 | 12.9
Dodging        | 3 4 6 9 10 13 16 | 16.5
Air Magic      | 3 5 |  5.0
Necromancy     | 2 6 7 10 11 13 | 13.8
Earth Magic    | 3 6 |  6.0
Ice Magic      | 3 |  3.9
Stealth        | |  2.6

Action                     |  1- 3 |  4- 6 |  7- 9 | 10-12 | 13-15 || total
---------------------------+-------+-------+-------+-------+-------++-------
  Melee: Unarmed           |    12 |     4 |    23 |    19 |   131 ||   189
         Bite              |     1 |       |     7 |     2 |    26 ||    36
         Punch             |       |       |       |     2 |     1 ||     3
   Cast: Summon Small Mamm |    37 |     3 |     2 |       |       ||    42
         Call Imp          |     4 |    10 |    50 |    16 |     9 ||    89
         Call Canine Famil |     4 |    16 |    59 |    80 |   117 ||   276
         Summon Guardian G |       |     2 |    40 |    60 |   109 ||   211
         Summon Lightning  |       |       |    12 |    73 |   192 ||   277
         Animate Dead      |       |       |       |     3 |     5 ||     8
         Borgnjor's Vile C |       |       |       |     4 |    52 ||    56
         Death Channel     |       |       |       |       |     8 ||     8
 Invoke: Unearth Wretches  |       |       |       |       |     2 ||     2
         Receive Forbidden |       |       |       |       |     1 ||     1
  Evoke: Wand              |       |       |       |       |     1 ||     1
    Use: Scroll            |       |     5 |     1 |    10 |    15 ||    31
         Potion            |       |       |       |       |     2 ||     2
   Stab: Petrified         |       |       |       |       |     5 ||     5
         Distracted        |       |       |       |       |     3 ||     3
 Armour: Skin              |       |       |       |     7 |    27 ||    34
  Dodge: Dodged            |    26 |     9 |    74 |    84 |   499 ||   692

Table legend: (Time is in decaauts)
 A = Elapsed time spent in this place.
 B = Non-inter-level travel time spent in this place.
 C = Inter-level travel time spent in this place.
 D = Time resting spent in this place.
 E = Time spent auto-exploring this place.
 F = Levels seen in this place.
 G = Mean time per level.
                   A        B        C        D        E       F      G
               +--------+--------+--------+--------+--------+-----+--------+
         Total |  31911 |  31063 |    848 |  14121 |   8667 |  24 | 1329.6 |
       Dungeon |  17575 |  17076 |    499 |   6869 |   5846 |  15 | 1171.7 |
        Temple |     43 |     27 |     16 |      0 |      0 |   1 |   43.0 |
          Lair |  12410 |  12116 |    294 |   6548 |   2523 |   5 | 2482.0 |
  Orcish Mines |   1151 |   1114 |     37 |    515 |    223 |   2 |  575.5 |
        Bailey |    730 |    730 |      0 |    189 |     74 |   1 |  730.0 |
               +--------+--------+--------+--------+--------+-----+--------+

Top non-repeatable levels by time:
  Lair:5: 4427 daAuts
  Lair:4: 2363 daAuts
  Lair:3: 2219 daAuts
  Lair:2: 2144 daAuts
    D:14: 2116 daAuts
     D:7: 1992 daAuts
     D:5: 1827 daAuts
    D:13: 1711 daAuts
    D:11: 1347 daAuts
    D:12: 1286 daAuts
  Lair:1: 1255 daAuts
    D:10: 1231 daAuts
     D:4: 1158 daAuts
   Orc:1: 1097 daAuts
     D:8: 1058 daAuts
